 Dungeon Crawl Stone Soup version 0.30-a0-1016-gfb0d676c02 (webtiles) character file.

Game seed: 8941941759624484796

26348 Iich the Cleaver (level 12, -3/101 HPs)
             Began as a Demonspawn Fighter on Apr 5, 2023.
             Was an Initiate of Gozag.
             Killed from afar by a purple draconian shifter (13 damage)
             ... with a bolt of dispelling energy
             ... on level 1 of the Abyss on Apr 6, 2023.
             The game lasted 00:36:14 (17411 turns).

Iich the Cleaver (Demonspawn Fighter)              Turns: 17411, Time: 00:36:16

Health: -3/101     AC: 25    Str: 23    XL:     12   Next: 97%
Magic:  12/12      EV: 17    Int: 14    God:    Gozag
Gold:   258        SH: 10    Dex: 15    Spells: 11/11 levels left

rFire   . . .      SeeInvis .    R - +3 broad axe (vamp)
rCold   + . .      Faith    .    c - +0 buckler
rNeg    . . .      Spirit   .    a - +2 chain mail {rPois}
rPois   +          Reflect  +    u - +2 helmet
rElec   .          Rampage  .    T - +2 cloak {rC+}
rCorr   .          NoTele   +    v - +2 pair of gloves
Will    .....                    n - +1 pair of boots Stlth
                                 r - amulet of reflection
HPRegen 0.00/turn                k - +6 ring of strength
MPRegen 0.26/turn                H - +5 ring of evasion

@: brilliant, untranslocatable, gold aura, sick
A: hooves 2, molten scales 2, magic regeneration, clever 1
a: Renounce Religion, Potion Petition, Call Merchant, Bribe Branch


You were on level 1 of the Abyss.
You worshipped Gozag.
Gozag was aware of your devotion.
You visited 3 branches of the dungeon, and saw 15 of its levels.
You visited the Abyss 1 time.
You also visited: Sewer and Ice Cave.

You collected 2469 gold pieces.
You paid 2211 gold pieces to Gozag.

Inventory:

Hand Weapons
 R - a +3 vampiric broad axe (weapon)
Missiles
 z - 4 throwing nets (quivered)
 C - 2 curare-tipped darts
Armour
 a - a +2 chain mail of poison resistance (worn)
 b - a +0 scale mail
 c - a +0 buckler (worn)
 m - a +0 plate armour
 n - a +1 pair of boots (worn)
 u - a +2 helmet (worn)
 v - a +2 pair of gloves (worn)
 T - a +2 cloak of cold resistance (worn)
Jewellery
 k - a +6 ring of strength (left hand)
 l - a ring of flight
 r - an amulet of reflection (around neck)
 F - a ring of protection from fire
 H - a +5 ring of evasion (right hand)
 I - a ring of protection from cold
 K - a +5 ring of evasion
 V - the ring "Viluxy" {rC+ rCorr}
   (You found it on level 1 of the Lair of Beasts)

   [ring of protection from cold]

   rC:        It protects you from cold.
   rCorr:     It protects you from acid and corrosion.
Wands
 x - a wand of flame (26)
 D - a wand of digging (1)
 E - a wand of quicksilver (9)
 P - a wand of paralysis (8)
 S - a wand of polymorph (2)
Scrolls
 g - 2 scrolls of fear
 j - 3 scrolls of immolation
 s - a scroll of vulnerability
 w - 5 scrolls of fog
 y - 2 scrolls of amnesia
 J - 6 scrolls of poison
 M - a scroll of silence
 O - a scroll of torment {unknown}
 Q - a scroll of noise
 W - a scroll of magic mapping {unknown}
Potions
 d - 3 potions of might
 e - a potion of ambrosia
 f - a potion of mutation
 h - 2 potions of haste
 o - a potion of degeneration {unknown}
 p - a potion of attraction
 A - a potion of berserk rage {unknown}
 B - a potion of cancellation {unknown}
 L - 2 potions of brilliance
 N - 4 potions of flight
 X - a potion of resistance {unknown}


   Skills:
 + Level 11.6 Fighting
 * Level 14.4 Axes
 - Level 2.6 Armour
 + Level 10.1 Dodging
 - Level 2.6 Shields


You had 11 spell levels left.
You didn't know any spells.
Your spell library contained the following spells:

 Spells                   Type           Power      Damage    Failure   Level
 Beastly Appendage        Tmut           0%         N/A       94%         1
 Necrotise                Necr           0%         1d4       94%         1
 Blink                    Tloc           0%         N/A       98%         2
 Lesser Beckoning         Tloc           0%         N/A       98%         2
 Momentum Strike          Conj/Tloc      0%         3d8       98%         2
 Wereblood                Tmut           0%         N/A       98%         2
 Inner Flame              Hex/Fire       0%         N/A       100%        3
 Spider Form              Tmut/Pois      0%         N/A       100%        3
 Vampiric Draining        Necr           0%         2d6       100%        3
 Agony                    Necr           0%         N/A       100%        5
 Iskenderun's Battlesphe  Conj           0%         2d6       100%        5
 Yara's Violent Unravell  Hex/Tmut       0%         3d3       100%        5
 Iron Shot                Conj/Erth      0%         9d1       100%        6
 Enfeeble                 Hex            0%         N/A       100%        7
 Malign Gateway           Summ/Tloc      0%         N/A       100%        7
 Spellforged Servitor     Conj/Summ      0%         N/A       100%        7
 Summon Horrible Things   Summ           0%         N/A       100%        8


Dungeon Overview and Level Annotations

Branches:
Dungeon (10/15)            Temple (1/1) D:6            Lair (3/5) D:10
 Shoals (0/4) Lair:2        Snake (0/4) Lair:2          Orc (0/2) D:9
  Sewer (visited)           IceCv (visited)

Altars:
Cheibriados
Dithmenos
Gozag
Kikubaaqudgha
Makhleb
Nemelex Xobeh
Okawaru
Qazlal
Trog
Vehumet
Wu Jian

Annotations:
Lair:5 Sonja


Innate Abilities, Weirdness & Mutations

You have hoof-like feet.
You are mostly covered in molten scales. (AC +3)
You regenerate magic rapidly.
Your mind is acute. (Int +4, Str/Dex -1)


Message History

You hit the large abomination.
The large abomination is lightly damaged.
You barely miss the ancient zyme. You slash the starcursed mass!
You hit the purple draconian shifter.
You feel better.
You hit the quasit. The quasit misses you. The quasit completely misses you.
You block the quasit's attack.
The purple draconian shifter hits you with a +0 vampiric rapier.
* * * LOW HITPOINT WARNING * * *
The purple draconian shifter draws strength from your wounds!
The starcursed mass barely misses you.
The ancient zyme hits you but does no damage.
The ancient zyme closely misses you.
The large abomination hits you but does no damage.
You take 1 damage, and have 12/100 hp.
You slash the ancient zyme!
The ancient zyme is moderately damaged.
You slash the starcursed mass!
You destroy the starcursed mass!
You hit the purple draconian shifter.
You feel better.
You closely miss the quasit. You slash the large abomination!
You block the quasit's attack. x2
The quasit claws you but does no damage.
The purple draconian shifter closely misses you.
The ancient zyme hits you.
* * * LOW HITPOINT WARNING * * *
The ancient zyme closely misses you.
You feel ill.
The quasit bites you but does no damage.
The quasit claws you but does no damage.
The quasit barely misses you.
The large abomination barely misses you.
You take 2 damage, and have 10/101 hp.
You hit the purple draconian shifter but do no damage.
The purple draconian shifter is almost dead.
You barely miss the quasit. You barely miss the large abomination.
You barely miss the ancient zyme.
The purple draconian shifter breathes dispelling energy at you.
The bolt of dispelling energy hits you!
Your magical effects are unravelling.
You die...
Your body crumbles into a pile of gold.

...~≈≈≈~........
......~≈≈#~.......
.....~≈≈#~.#.... .
#....~~~~~...... ..
...................
.#.............# .
#.............#
.......X..#.##
#......q@..#. #
......5x$..$##
.............#
...............
..#............ .
##...........
........##....
#..#.###.. .####


You could see a purple draconian shifter (very poisoned, catching breath), an
ancient zyme, a large abomination and a quasit.

Vanquished Creatures
  A tentacled starspawn (Abyss:1)
  A hydra (Lair:2)
  A thrashing horror (Abyss:1)
  Pikel (D:4)
  2 ugly things (IceCv)
  An oklob plant (Lair:1)
  A manticore (Lair:2)
  2 black mambas
  A dire elephant zombie (Abyss:1)
  4 elephants (Lair:3)
  5 cane toads
  3 ice statues (IceCv)
  2 rime drakes
  An efreet (Abyss:1)
  6 komodo dragons
  2 ancient zymes (Abyss:1)
  A wind drake (Lair:2)
  Grinder (Sewer)
  2 polar bears
  Prince Ribbit (D:7)
  12 blink frogs
  2 large abominations (Abyss:1)
  2 wyverns
  A wraith (D:9)
  A shadow (D:10)
  16 yaks
  A basilisk (Lair:1)
  A neqoxec (Abyss:1)
  4 steam dragons
  2 death yak simulacra (IceCv)
  Menkaure (D:4)
  2 harpy simulacra (IceCv)
  3 acid dragons
  11 water moccasins
  A naga (Lair:2)
  2 orc warriors
  A sky beast (D:7)
  2 ice beasts (D:6)
  2 black bears
  4 small abominations (Abyss:1)
  8 wolves
  A centaur (D:8)
  A lemure (D:4)
  A phantom (Sewer)
  2 kobold brigands
  8 bullfrogs
  A cane toad simulacrum (IceCv)
  11 wights
  2 howler monkeys
  2 electric eels (D:10)
  7 hounds
  6 orc priests
  3 jellies
  2 starcursed masses (Abyss:1)
  4 iguanas
  Ijyb (D:5)
  3 sleepcaps
  10 orc wizards
  2 polar bear simulacra (IceCv)
  A wolf simulacrum (IceCv)
  Robin (D:4)
  9 adders
  3 gnolls (D:4)
  2 shadow imps (Sewer)
  2 white imps
  4 ufetubi
  2 worms
  3 dart slugs
  42 orcs
  6 bats
  5 endoplasms
  3 giant cockroaches (Sewer)
  10 goblins
  7 hobgoblins
  2 jackals (D:2)
  2 quokkas
  6 ball pythons
  2 frilled lizards (D:3)
  23 kobolds
  4 rats
  2 starspawn tentacles (Abyss:1)
326 creatures vanquished.

Vanquished Creatures (others)
  A steam dragon (D:10)
  A black bear (D:8)
  A kobold (Sewer)
  7 fungi
  8 plants
  7 starspawn tentacles (Abyss:1)
25 creatures vanquished.

Grand Total: 351 creatures vanquished

Notes
Turn   | Place    | Note
-------+----------+-------------------------------------------
     0 | D:1      | Iich the Demonspawn Fighter began the quest for the Orb.
     0 | D:1      | Reached XP level 1. HP: 18/18 MP: 1/1
    21 | D:1      | Reached skill level 2 in Axes
   135 | D:1      | Gained mutation: You are partially covered in molten
                  | scales. (AC +2) [demonic ancestry]
   135 | D:1      | Reached XP level 2. HP: 23/24 MP: 2/2
   141 | D:1      | Found a faded altar of an unknown god.
   807 | D:2      | Reached XP level 3. HP: 14/29 MP: 3/3
  1336 | D:2      | Reached skill level 3 in Axes
  1796 | D:2      | Gained mutation: You regenerate magic rapidly. [demonic
                  | ancestry]
  1796 | D:2      | Reached XP level 4. HP: 27/37 MP: 4/4
  1957 | D:2      | Reached skill level 1 in Dodging
  2524 | D:3      | Found a stormy altar of Qazlal.
  2527 | D:3      | Reached XP level 5. HP: 42/42 MP: 5/5
  2535 | D:3      | Reached skill level 4 in Axes
  2951 | D:4      | Gained mutation: You have large cloven feet. [demonic
                  | ancestry]
  2951 | D:4      | Reached XP level 6. HP: 44/48 MP: 6/6
  2996 | D:4      | Noticed Robin
  3014 | D:4      | Killed Robin
  3197 | D:4      | Found a glowing drain.
  3204 | Sewer    | Entered a sewer
  3314 | Sewer    | Noticed Grinder
  3322 | Sewer    | Found an ancient bone altar of Kikubaaqudgha.
  3329 | Sewer    | Paralysed by Grinder for 3 turns
  3351 | Sewer    | Killed Grinder
  3352 | Sewer    | Reached skill level 5 in Axes
  3352 | Sewer    | Gained mutation: You are mostly covered in molten scales.
                  | (AC +3) [demonic ancestry]
  3352 | Sewer    | Reached XP level 7. HP: 29/55 MP: 7/7
  3354 | Sewer    | Reached skill level 5 in Fighting
  4086 | D:4      | Noticed Menkaure
  4101 | D:4      | Killed Menkaure
  4102 | D:4      | Reached skill level 6 in Axes
  4203 | D:4      | Noticed Pikel
  4219 | D:4      | Killed Pikel
  4220 | D:4      | Reached skill level 7 in Axes
  4220 | D:4      | Reached XP level 8. HP: 55/64 MP: 8/8
  4736 | D:5      | Entered Level 5 of the Dungeon
  5046 | D:5      | Noticed Ijyb
  5055 | D:5      | Killed Ijyb
  5674 | D:5      | Reached skill level 5 in Dodging
  5738 | D:5      | Reached XP level 9. HP: 68/69 MP: 9/9
  5935 | D:6      | Found a staircase to the Ecumenical Temple.
  5945 | D:6      | Reached skill level 8 in Axes
  5970 | Temple   | Entered the Ecumenical Temple
  6055 | Temple   | Became a worshipper of Gozag Ym Sagoz the Greedy
  6929 | D:7      | Reached skill level 9 in Axes
  7148 | D:7      | Noticed Prince Ribbit
  7171 | D:7      | Reached XP level 10. HP: 52/80 MP: 10/10
  7177 | D:7      | Killed Prince Ribbit
  7712 | D:8      | Found a bloodstained altar of Trog.
  7726 | D:8      | Reached skill level 10 in Axes
  8875 | D:9      | Found a staircase to the Orcish Mines.
  9205 | D:9      | Found a sparkling altar of Nemelex Xobeh.
  9262 | D:9      | Gained mutation: Your mind is acute. (Int +4, Str/Dex -1)
                  | [potion of mutation]
  9262 | D:9      | Gained mutation: You are covered in fur. (AC +1) [potion of
                  | mutation]
  9715 | D:10     | Entered Level 10 of the Dungeon
  9814 | D:10     | Found a staircase to the Lair.
  9937 | D:10     | Reached skill level 11 in Axes
 10912 | D:10     | Found a snail-covered altar of Cheibriados.
 11026 | Lair:1   | Entered Level 1 of the Lair of Beasts
 11026 | Lair:1   | Found a frozen archway.
 11027 | Lair:1   | Noticed a cane toad
 11028 | Lair:1   | Noticed a cane toad
 11040 | Lair:1   | Killed a cane toad
 11041 | Lair:1   | Gained mutation: You have hoof-like feet. [demonic
                  | ancestry]
 11041 | Lair:1   | Reached XP level 11. HP: 67/89 MP: 11/11
 11310 | IceCv    | Entered an ice cave
 11662 | IceCv    | Noticed a white ugly thing
 11682 | IceCv    | Killed a white ugly thing
 11733 | IceCv    | Upgraded the game from 0.30-a0-1008-g30c9307041 to
                  | 0.30-a0-1016-gfb0d676c02
 12050 | IceCv    | Noticed a white ugly thing
 13119 | IceCv    | HP: 3/89 [white ugly thing (14)]
 13125 | IceCv    | Killed a white ugly thing
 13139 | IceCv    | Identified the staff of earth "Mapsos" {Will+}
 13403 | Lair:1   | Reached skill level 12 in Axes
 13905 | Lair:1   | Reached skill level 10 in Fighting
 14033 | Lair:1   | Noticed an oklob plant
 14050 | Lair:1   | Killed an oklob plant
 14097 | Lair:1   | Identified the ring "Viluxy" {rC+ rCorr}
 14684 | Lair:2   | Reached XP level 12. HP: 86/98 MP: 12/12
 14724 | Lair:2   | Found a staircase to the Shoals.
 14898 | Lair:2   | Found a staircase to the Snake Pit.
 14904 | Lair:2   | Reached skill level 13 in Axes
 15343 | Lair:3   | Noticed an eight-headed hydra
 16271 | Lair:2   | Killed a 20-headed hydra
 16706 | Lair:3   | You fall into a shaft and drop 2 floors!
 16706 | Lair:5   | Entered Level 5 of the Lair of Beasts
 16728 | Lair:5   | Noticed Sonja
 16740 | Lair:5   | Reached skill level 14 in Axes
 16740 | Abyss:1  | Cast into level 1 of the Abyss (Sonja)
 16814 | Abyss:1  | Lost mutation: You are covered in fur. (AC +1) [a neqoxec]
 17012 | Abyss:1  | Reached skill level 10 in Dodging
 17021 | Abyss:1  | Noticed a tentacled starspawn
 17039 | Abyss:1  | Noticed a hellephant
 17130 | Abyss:1  | HP: 4/100 [something (8)]
 17338 | Abyss:1  | Noticed a bone dragon
 17340 | Abyss:1  | Noticed a tentacled starspawn
 17358 | Abyss:1  | Noticed a balrug
 17362 | Abyss:1  | Noticed a tentacled starspawn
 17378 | Abyss:1  | Killed a tentacled starspawn
 17380 | Abyss:1  | Noticed a purple draconian shifter
 17390 | Abyss:1  | Noticed a starcursed mass
 17410 | Abyss:1  | Killed a starcursed mass
 17411 | Abyss:1  | Killed from afar by a purple draconian shifter

Illustrated notes

Levels and vault maps discovered:
D:1:      dpeg_arrival_subterranean_lakeside_camping, layout_basic,
          ebering_ecumenical_altar_abandoned
D:2:      layout_basic
D:3:      layout_rooms, mainiacjoe_overflow_24_doors
D:4:      layout_loops_corners, portal_sewer_entry_e, uniq_menkaure, uniq_pikel,
          uniq_robin
D:5:      layout_loops_ring, amcnicky_mini_corridor_feature,
          chequers_serial_rivers_large_a, uniq_ijyb
D:6:      layout_loops_ring, minmay_temple_entry_statues_fountains
D:7:      layout_loops_ring, uniq_prince_ribbit1
D:8:      layout_basic, trog_ov_bears_minmay, lemuel_flamethrower_2
D:9:      layout_basic, gammafunk_temple_overflow_claw
D:10:     layout_loops_ring, chei_slow_surprise, david_lair_shrubbed,
          minivault_26, small_statue_alley_a, kennysheep_generic_room_4
Temple:   regret_index_temple_sphere_string
Lair:1:   layout_chaotic_city, portal_ice_cave_entry_pillars_2,
          minmay_lair_oklob_items, beast_lair_carwin_4
Lair:2:   layout_chaotic_city, minmay_shoals_entry_beasts,
          guppyfry_snake_entry_island, infiniplex_staircase_pool
Lair:3:   layout_hall_layers, grunt_megastairs_3
Lair:5:   hellmonk_lair_end_abyssal_woods, layout_gridlike,
          dpeg_slime_entry_enclosed, grunt_megastairs_5, uniq_sonja
Abyss:1:  base: Lair:5, evilmike_abyss_exit_7

Skill      XL: |  1  2  3  4  5  6  7  8  9 10 11 12 |
---------------+-------------------------------------+-----
Axes           | 2 3 4 5 7 9 11 12 14 | 14.4
Dodging        | 1 2 3 4 5 6 7 8 10 | 10.1
Fighting       | 4 6 7 9 10 11 | 11.6
Armour         | |  2.6
Shields        | |  2.6

Action                     |  1- 3 |  4- 6 |  7- 9 | 10-12 || total
---------------------------+-------+-------+-------+-------++-------
  Melee: War axe           |    68 |   204 |   351 |   178 ||   801
         Broad axe         |       |       |       |   600 ||   600
  Throw: Throwing net      |       |       |     4 |       ||     4
 Invoke: Potion Petition   |       |       |       |     4 ||     4
  Evoke: Wand              |       |       |     2 |    33 ||    35
    Use: Scroll            |     8 |     2 |     4 |    19 ||    33
         Potion            |     1 |     1 |     2 |    16 ||    20
   Stab: Held in net/web   |       |       |     2 |       ||     2
         Distracted        |       |       |       |     5 ||     5
 Armour: Scale mail        |    46 |    69 |    28 |       ||   143
         Plate armour      |     2 |       |       |       ||     2
         Skin              |       |    30 |     3 |       ||    33
         Chain mail        |       |       |    94 |   405 ||   499
  Dodge: Dodged            |    39 |    73 |   155 |   629 ||   896
  Block: Buckler           |    18 |   108 |   182 |   483 ||   791
         Reflection        |       |     4 |     4 |     6 ||    14

Table legend: (Time is in decaauts)
 A = Elapsed time spent in this place.
 B = Non-inter-level travel time spent in this place.
 C = Inter-level travel time spent in this place.
 D = Time resting spent in this place.
 E = Time spent auto-exploring this place.
 F = Levels seen in this place.
 G = Mean time per level.
                   A        B        C        D        E       F      G
               +--------+--------+--------+--------+--------+-----+--------+
         Total |  17537 |  17112 |    425 |   3805 |   9664 |  18 |  974.3 |
       Dungeon |  10593 |  10264 |    329 |   1547 |   6801 |  10 | 1059.3 |
        Temple |    108 |     75 |     33 |      0 |     55 |   1 |  108.0 |
          Lair |   3662 |   3600 |     62 |    461 |   2397 |   4 |  915.5 |
         Abyss |    677 |    677 |      0 |    361 |     44 |   1 |  677.0 |
         Sewer |    497 |    497 |      0 |    125 |    157 |   1 |  497.0 |
      Ice Cave |   1999 |   1999 |      0 |   1311 |    207 |   1 | 1999.0 |
               +--------+--------+--------+--------+--------+-----+--------+

Top non-repeatable levels by time:
   IceCv: 1999 daAuts
     D:2: 1603 daAuts
  Lair:2: 1496 daAuts
     D:4: 1309 daAuts
  Lair:1: 1308 daAuts
     D:5: 1221 daAuts
     D:8: 1165 daAuts
     D:9: 1105 daAuts
    D:10: 1049 daAuts
     D:7: 1018 daAuts
  Lair:3: 825 daAuts
     D:1: 751 daAuts
     D:3: 714 daAuts
 Abyss:1: 677 daAuts
     D:6: 654 daAuts
